 Dungeon Crawl Stone Soup version 0.22-a0-460-g49b1da7 (webtiles) character file.

889 4thArraOfDagon the Cleaver (level 8, -18/71 HPs)
             Began as a Hill Orc Monk on June 9, 2018.
             Was a Believer of Beogh.
             Demolished by a two-headed ogre
             ... wielding a +0 giant club
              (31 damage)
             ... on level 10 of the Dungeon.
             The game lasted 00:07:10 (1971 turns).

4thArraOfDagon the Cleaver (Hill Orc Monk)          Turns: 1971, Time: 00:07:11

Health: -18/71     AC:  7    Str: 14    XL:     8   Next: 6%
Magic:  2/11       EV: 10    Int: 12    God:    Beogh [**....]
Gold:   173        SH:  0    Dex: 13    Spells: 7/7 levels left

rFire    . . .     SeeInvis .   p - +2 hand axe (flame)
rCold    . . .     Gourm    .   (no shield)
rNeg     . . .     Faith    .   j - +0 scale mail
rPois    .         Spirit   .   l - +0 helmet
rElec    .         Reflect  .   (no cloak)
rCorr    .         Harm     .   (no gloves)
MR       .....                  (no boots)
Stlth    ..........             (no amulet)
HPRegen  0.21/turn              h - +1 ring of slaying
MPRegen  0.12/turn              (no ring)

@: no status effects
A: no striking features
a: Smiting, Renounce Religion


You were on level 10 of the Dungeon.
You worshipped Beogh.
Beogh was pleased with you.
You were not hungry.

You visited 1 branch of the dungeon, and saw 10 of its levels.

You collected 173 gold pieces.

Inventory:

Hand Weapons
 a - a +0 hand axe
 p - a +2 hand axe of flaming (weapon)
Armour
 j - a +0 scale mail (worn)
 l - a +0 helmet (worn)
Jewellery
 h - a +1 ring of slaying (left hand)
Wands
 n - a wand of flame (14)
Scrolls
 b - a scroll of fear {unknown}
 d - 2 scrolls of teleportation
 e - a scroll of fog {unknown}
 f - a scroll of identify {unknown}
 k - a scroll of remove curse {unknown}
 m - a scroll of enchant weapon {unknown}
Potions
 g - a potion of magic {unknown}
 i - a potion of brilliance {unknown}
 o - a potion of mutation {unknown}
Comestibles
 c - 7 rations
 q - a chunk of flesh


   Skills:
 + Level 6.5 Fighting
 * Level 9.4 Axes
 - Level 2.4 Dodging
 - Level 1.5 Stealth
 + Level 4.8 Invocations


You had 7 spell levels left.
You didn't know any spells.
Your spell library contained the following spells:

 Spells                   Type           Power        Failure   Level  Hunger
 Magic Dart               Conj           #...         83%         1    ##.....
 Conjure Flame            Conj/Fire      #.......     99%         3    ####...
 Slow                     Hex            #.......     92%         2    ###....
 Mephitic Cloud           Conj/Pois/Air  #.......     99%         3    ####...
 Blink                    Tloc           N/A          92%         2    ###....
 Call Imp                 Summ           #.......     92%         2    ###....


Dungeon Overview and Level Annotations

Branches:
Dungeon (10/15)
 Temple: D:4-7         Lair: D:8-11         Orc: D:9-12

Altars:
Dithmenos
Kikubaaqudgha
Qazlal
Uskayaw

Annotations:
D:4 Sigmund


Message History

The two-headed ogre is heavily wounded.
The two-headed ogre hits you with a giant club! x2
Unknown command.
Aiming: Smiting
Press: ? - help, Dir - move target cursor, f/p - two-headed ogre Smite: a two-headed ogre, wielding two giant clubs (heavily wounded)
You smite the two-headed ogre!
The two-headed ogre is almost dead.
The two-headed ogre barely misses you.
The two-headed ogre hits you with a giant club!
* * * LOW HITPOINT WARNING * * *
Unknown command.
Evoke which item? (* to show all) (? for menu, Esc to quit)
Aiming: Throw Flame
Press: ? - help, Shift-Dir - straight line, f/p - two-headed ogre
Aim: a two-headed ogre, wielding two giant clubs (almost dead)
The puff of flame hits the two-headed ogre.
The two-headed ogre is almost dead.
The two-headed ogre hits you with a giant club!!
You die...

#.... #...# # #...# #.
#...# #.. #.... #.##
#. #....
#...#######... #....
#.........#######...#
###.O@................
#.....###########.####
#.>)..# #.....#.#...
#.....# #.###.#.#.##
#.....# #.#.#.#.# #.
###.### #.#...#.# #.
#.#######.#.###.# #.
#.........#..†..# #
###########.#####


You could see a two-headed ogre.

Vanquished Creatures
  The ghost of 4thArraOfDagon the Chopper, an amateur HOFi (D:4)
  A black bear (D:10)
  An ogre (D:10)
  2 bullfrogs
  A crimson imp (D:7)
  A centaur zombie (D:6)
  An orc priest (D:4)
  A jelly (D:8)
  4 orc wizards
  An iguana (D:6)
  A worker ant (D:6)
  A killer bee zombie (D:10)
  2 hound zombies
  2 worker ant zombies
  3 gnolls (D:5)
  3 adders
  An adder skeleton (D:6)
  2 leopard geckos
  13 orcs
  2 bats
  3 giant cockroaches
  2 hobgoblins (D:1)
  5 jackals
  2 kobolds
  A quokka (D:6)
  A frilled lizard (D:2)
  A jackal skeleton (D:4)
  2 rats (D:2)
61 creatures vanquished.

Vanquished Creatures (others)
  An orc wizard (D:4)
  An adder (D:6)
  2 orcs (D:4)
4 creatures vanquished.

Grand Total: 65 creatures vanquished

Notes
Turn   | Place    | Note
-------+----------+-------------------------------------------
     0 | D:1      | 4thArraOfDagon the Hill Orc Monk began the quest for the Orb.
     0 | D:1      | Reached XP level 1. HP: 19/19 MP: 1/1
   154 | D:1      | Reached XP level 2. HP: 10/27 MP: 2/2
   435 | D:3      | Reached skill level 5 in Axes
   435 | D:3      | Reached XP level 3. HP: 17/33 MP: 3/3
   590 | D:4      | Became a worshipper of Beogh the Brigand
   590 | D:4      | Reached * piety under Beogh
   590 | D:4      | Reached ** piety under Beogh
   599 | D:4      | Noticed 4thArraOfDagon's ghost (amateur HOFi)
   611 | D:4      | Reached XP level 4. HP: 41/41 MP: 4/4
   625 | D:4      | Killed 4thArraOfDagon's ghost
   625 | D:4      | Reached skill level 5 in Fighting
   625 | D:4      | Reached skill level 6 in Axes
   625 | D:4      | Reached XP level 5. HP: 29/48 MP: 1/6
   632 | D:4      | Found an ancient bone altar of Kikubaaqudgha.
   756 | D:4      | Noticed Sigmund
   775 | D:5      | Entered Level 5 of the Dungeon
   799 | D:5      | Reached skill level 7 in Axes
   799 | D:5      | Reached XP level 6. HP: 30/56 MP: 7/7
   826 | D:5      | Found a stormy altar of Qazlal.
   826 | D:5      | Found a shadowy altar of Dithmenos.
   826 | D:5      | Found a hide-covered altar of Uskayaw.
  1145 | D:8      | Reached XP level 7. HP: 46/62 MP: 9/9
  1148 | D:8      | Reached skill level 8 in Axes
  1247 | D:7      | Noticed a yak
  1567 | D:8      | Noticed a hungry ghost
  1794 | D:10     | Entered Level 10 of the Dungeon
  1803 | D:10     | Reached skill level 9 in Axes
  1938 | D:10     | Reached XP level 8. HP: 48/71 MP: 11/11
  1966 | D:10     | Noticed a two-headed ogre
  1971 | D:10     | Demolished by a two-headed ogre

Vault maps used:
D:1:      onia_arrival_larder, minivault_19
D:2:      first_ration, minmay_misc_feat_roman
D:4:      kennysheep_mini, hangedman_decor_riveting, uniq_sigmund
D:5:      gammafunk_temple_overflow_claw, basic_altar, serial_shops, shop
D:6:      lemuel_flame_loot_1
D:7:      temple_hall
D:8:      kennysheep_orc_sif_temple, grunt_temple_overflow_opulence,
          grunt_livestock, uniq_erica
D:9:      lair_entry_dummy
D:10:     cheibrodos_statue_roulette

Skill      XL: |  1  2  3  4  5  6  7 |
---------------+----------------------+-----
Fighting       | 4 5 6 |  6.5
Axes           | 5 6 7 9 |  9.4
Invocations    | 2 3 4 |  4.8
Dodging        | |  2.4
Stealth        | |  1.5

Action                   |  1- 3 |  4- 6 |  7- 9 || total
-------------------------+-------+-------+-------++-------
Melee: Hand axe          |    96 |   104 |   116 ||   316
Invok: Convert to Beogh  |     1 |       |       ||     1
       Smiting           |       |     2 |     4 ||     6
Evoke: Wand              |       |       |    10 ||    10
  Use: Potion            |     3 |       |       ||     3
       Scroll            |       |       |     1 ||     1
 Stab: Sleeping          |     2 |       |       ||     2
       Distracted        |       |     1 |       ||     1
  Eat: Chunk             |       |     1 |       ||     1
       Ration            |       |       |     1 ||     1
Armor: Robe              |    18 |       |       ||    18
       Skin              |     9 |     5 |       ||    14
       Scale mail        |     9 |    32 |    49 ||    90
Dodge: Dodged            |    73 |    54 |    47 ||   174

Table legend:
 A = Spawn XP
 B = Non-spawn XP
 C = Spawn XP percentage of total XP
 D = Spawn monster count
 E = Non-spawn monster count
 F = Spawn count percentage of total count
 G = Total turns spent on level
                    A         B        C        D         E        F      G
               +---------+---------+-------+---------+---------+-------+---------
         Total |       0 |    1271 |   0.0 |       0 |      62 |   0.0 |  1971
               +---------+---------+-------+---------+---------+-------+---------
           D:1 |       0 |      12 |   0.0 |       0 |       6 |   0.0 |   180
           D:2 |       0 |      12 |   0.0 |       0 |       7 |   0.0 |   224
           D:3 |       0 |      18 |   0.0 |       0 |       4 |   0.0 |   141
           D:4 |       0 |     243 |   0.0 |       0 |       8 |   0.0 |   230
           D:5 |       0 |     127 |   0.0 |       0 |       4 |   0.0 |   131
           D:6 |       0 |     251 |   0.0 |       0 |      10 |   0.0 |   320
           D:7 |       0 |      88 |   0.0 |       0 |       3 |   0.0 |   221
           D:8 |       0 |     122 |   0.0 |       0 |       5 |   0.0 |   174
           D:9 |       0 |     109 |   0.0 |       0 |      11 |   0.0 |   200
          D:10 |       0 |     289 |   0.0 |       0 |       4 |   0.0 |   150
               +---------+---------+-------+---------+---------+-------+---------
